 Dungeon Crawl Stone Soup version 0.28.0-43-g3370ac3207 (webtiles) character file.

Game seed: 12462849397985783217

31 fleeber the Skirmisher (level 3, -2/33 HPs)
             Began as a Minotaur Berserker on Mar 16, 2022.
             Was a Follower of Trog.
             Slain by Crazy Yiuf
             ... wielding a +3 quarterstaff of chaos
              (14 damage)
             ... on level 2 of the Dungeon.
             The game lasted 00:03:31 (981 turns).

fleeber the Skirmisher (Minotaur Berserker)          Turns: 981, Time: 00:03:31

Health: -2/33      AC:  3    Str: 21    XL:     3   Next: 7%
Magic:  2/2        EV: 12    Int:  4    God:    Trog [*.....]
Gold:   52         SH:  0    Dex: 11    Spells: 2/2 levels left

rFire   . . .      SeeInvis .   a - +0 hand axe
rCold   . . .      Faith    .   (no shield)
rNeg    . . .      Spirit   .   b - +0 animal skin
rPois   .          Reflect  .   (helmet restricted)
rElec   .          Harm     .   (no cloak)
rCorr   .          Rampage  .   c - +0 pair of gloves
Will    .....                   (no boots)
Stlth   +.........              (no amulet)
HPRegen 0.11/turn               (no ring)
MPRegen 0.08/turn               (no ring)

@: no status effects
A: horns 2, retaliatory headbutt
a: Renounce Religion, Berserk


You were on level 2 of the Dungeon.
You worshipped Trog.
Trog was aware of your devotion.
You visited 1 branch of the dungeon, and saw 2 of its levels.

You collected 52 gold pieces.

Inventory:

Hand Weapons
 a - a +0 hand axe (weapon)
Missiles
 f - 4 boomerangs (quivered)
Armour
 b - a +0 animal skin (worn)
 c - a +0 pair of gloves (worn)
Jewellery
 i - a ring of willpower
Scrolls
 d - a scroll of teleportation {unknown}
 g - 2 scrolls of identify {unknown}
Potions
 e - a potion of heal wounds {unknown}
 h - a potion of lignification {unknown}


   Skills:
 + Level 4.2 Fighting
 + Level 4.2 Axes
 + Level 2.6 Armour
 + Level 2.5 Dodging


You had 2 spell levels left.
You didn't know any spells.
Your spell library was empty.

Dungeon Overview and Level Annotations

Branches:
Dungeon (2/15)

Altars:

Annotations:
D:2 Crazy Yiuf


Innate Abilities, Weirdness & Mutations

You have a pair of horns on your head.
You reflexively headbutt those who attack you in melee.


Message History

HP restored.
You see here an adder corpse.
You see here an adder corpse.
There is an escape hatch in the floor here.
There is an open door here.
There is an open door here.
Found an escape hatch in the ceiling.
You now have 52 gold pieces (gained 10).
A ball python comes into view.
The ball python hisses angrily.
Found a stone staircase leading up.
You hit the ball python.
You kill the ball python!
Trog accepts your kill.
You see here a ball python corpse.
There is a stone staircase leading up here.
g - 2 scrolls labelled FETANL JATO (gained 1)
Found a stone staircase leading down.
i - a ring of willpower You open the door.
There is an open door here.
You open the door.
There is an open door here.
There is an open door here.
There is an open door here.
There is a stone staircase leading down here.
Found a buzzing mace.
Found a runed translucent door.
You open the door. You hit Crazy Yiuf. You headbutt Crazy Yiuf!
Crazy Yiuf is severely wounded.
Crazy Yiuf drinks a potion.
Crazy Yiuf seems to speed up.
Crazy Yiuf hits you with a +3 quarterstaff of chaos.
You hit Crazy Yiuf. Your headbutt misses Crazy Yiuf.
Crazy Yiuf is severely wounded.
Crazy Yiuf hits you with a +3 quarterstaff of chaos!
Ouch! That really hurt!
You hit Crazy Yiuf but do no damage. You headbutt Crazy Yiuf.
Crazy Yiuf is severely wounded.
Crazy Yiuf hits you with a +3 quarterstaff of chaos!
You die...

.......#
#...........#
....#..#
###.........#
##.....#
#.....#####
#......#
##### #.....#
####...#
#..)# #.....#
....#..#
#...# #######
###.#..#####
...
#...>....#
#g#
########.#
♣♣@♣ #.# ♣.♣♣
#.# ♣♣.♣ #.#
♣.♣♣ #.#
♣♣.♣♣ #.#
♣.P.♣♣ #.#
♣...P♣ #.#
#....#
#.###....#


You could see Crazy Yiuf (fast).

Vanquished Creatures
  An adder (D:2)
  5 ball pythons
  2 endoplasms (D:1)
  A giant cockroach (D:1)
  A goblin (D:1)
  2 hobgoblins
  3 bats (D:2)
  5 kobolds (D:1)
  2 rats
22 creatures vanquished.

Notes
Turn   | Place    | Note
-------+----------+-------------------------------------------
     0 | D:1      | fleeber the Minotaur Berserker began the quest for the Orb.
     0 | D:1      | Reached XP level 1. HP: 19/19 MP: 0/0
   197 | D:1      | Reached XP level 2. HP: 26/27 MP: 1/1
   656 | D:2      | Reached XP level 3. HP: 32/33 MP: 2/2
   974 | D:2      | Found a runed translucent door.
   975 | D:2      | Noticed Crazy Yiuf
   981 | D:2      | Slain by Crazy Yiuf

Illustrated notes

Levels and vault maps discovered:
D:1:      co_arrival_two_rings, layout_rooms, minmay_cupped
D:2:      layout_basic, uniq_crazy_yiuf_cottage

Skill      XL: |  1  2 |
---------------+-------+-----
Fighting       | 4 |  4.2
Axes           | 4 |  4.2
Armour         | |  2.6
Dodging        | |  2.5

Action                   || total
-------------------------++-------
Melee: Hand axe          ||    45
       Headbutt          ||     6
Throw: Boomerang         ||     1
Armor: Animal skin       ||    14
Dodge: Dodged            ||    34
